 Dungeon Sprint DCSS version 0.31-a0-437-g7cee417757 (console) character file.

Game seed: 7353375409851729358

245 Lexodia the Unseen (level 5, -11/21 HPs)
             Began as a Felid Enchanter on Aug 2, 2023.
             Mangled by a deep troll (18 damage)
             ... in the Dungeon (Sprint I: "Red Sonja").
             The game lasted 00:00:58 (116 turns).

Lexodia the Unseen (Felid Enchanter)                 Turns: 116, Time: 00:00:59

Health: -11/21     AC:  2    Str:  4    XL:     5   Next: 83%
Magic:  9/9        EV: 17    Int: 16    God:
Gold:   54         SH:  0    Dex: 19    Spells: 8/8 levels left
                                        Lives:  0   Deaths: 1

rFire   . .          .
                       - Unarmed
rCold   . . .        (shield unavailable)
rNeg    . . .        (body armour unavailable)
rPois   .            (helmet unavailable)
rElec   .            (cloak unavailable)
rCorr   .            (gloves unavailable)
SInv    +            (boots unavailable)
Will    .....        (no amulet)
Stlth   ++++++       (no ring)
HPRegen 0.23/turn    (no ring)
MPRegen 0.11/turn

%: no teleportation
@: quick
A: very small, claws 1, fangs 3, see invisible, speed 1, shaggy fur 2, stealthy
paws, no weapons or thrown items, no armour, multi-lived
a: no special abilities


You were in the Dungeon.
You visited 1 branch You collected 54 gold pieces.

Inventory:

Wands
 f - a wand of polymorph (9)
Scrolls
 g - a scroll of blinking
 h - a scroll of torment {unknown}
Potions
 a - a potion of invisibility
 b - a potion of curing
 c - a potion of heal wounds
 d - a potion of haste
 e - 2 potions of magic


   Skills:
 - Level 2.6 Dodging
 + Level 15.0 Stealth
 + Level 10.4 Unarmed Combat
 - Level 2.0 Spellcasting
 - Level 4.4 Hexes


You had 8 spell levels left.
You didn't know any spells.
Your spell library contained the following spells:

 Spells                   Type           Power      Damage    Failure   Level
 Confusing Touch          Hex            15%        N/A       11%         3
 Tukima's Dance           Hex            15%        N/A       11%         3
 Ensorcelled Hibernation  Hex/Ice        16%        N/A       13%         2
 Dazzling Flash           Conj/Hex       16%        N/A       26%         3


Dungeon Overview and Level Annotations

Branches:
Dungeon (1/1)

Altars:
Makhleb
Sif Muna
Vehumet
Wu Jian
Xom
Jiyva
Lugonu

Shops:
D [


Innate Abilities, Weirdness & Mutations

You have sharp claws.
You have razor-sharp teeth.
You have supernaturally acute eyesight. (SInv)
You cover ground quickly. (Speed+)
You are covered in thick fur. (AC +2)
Your paws help you pounce on unaware monsters.
You are incapable of wielding weapons or throwing items.
You cannot wear armour.
You gain extra lives every three experience levels.


Message History

Found 26 gold pieces.
There is an open door here.
You enter the shallow water.
Moving in this stuff is going to be slow. ...and don't expect to remain undetected.
The centaur warrior shouts! x2
The centaur warrior wields a +0 orcbow.
The centaur warrior shoots an arrow.
The arrow hits you!!
Ouch! That really hurt!
You die...
The centaur warrior hits you. The centaur warrior kicks you.
The centaur warrior shoots an arrow.
The arrow barely misses you.
You are now level 5!
You rejoin the land of the living...
Found a scroll labelled ALLEDO LEMNIT and a dagger.
Found Homnihol's Armour Emporium.
h - a scroll labelled ALLEDO LEMNIT Damage: -15%(-3hp) hp: 100%(21hp)
You see here a +0 dagger.
There is an entrance to Homnihol's Armour Emporium here.
As you open the door, it creaks loudly!
A deep troll comes into view.
The deep troll shouts!
Found 108 gold pieces.
Sorry, you're not good enough to have a special ability.
Unknown command.
You don't know any spells.
Sorry, you're not good enough to have a special ability.
Memorise Ensorcelled Hibernation, consuming 2 spell levels and leaving 6?
You start memorising the spell.
You continue memorising. x2
The deep troll bites you!
Your memorisation is interrupted.
Ouch! That really hurt!
The deep troll barely misses you. The deep troll claws you.
* * * LOW HITPOINT WARNING * * *
Huge Dmg: -71%(-15hp) hp: 29%(6hp) Memorise Ensorcelled Hibernation, consuming 2 spell levels and leaving 6?
The deep troll completely misses you. The deep troll claws you!!
Your memorisation is interrupted.
Ouch! That really hurt!
You die...

###+#####'#__####
#$####$§#
##(#~§†§c#
#+#_.§§~§c§+
+..._#~~§§.#
#_.#+##+#### ##+
### ###+###)##
+$$.$$T@∩#
##########


You could see a deep troll.

Vanquished Creatures
  A slime creature (D)
  Sigmund (D)
  An ogre (D)
  A jelly (D)
  Ijyb (D)
5 creatures vanquished.

Notes
Turn   | Place    | Note
-------+----------+-------------------------------------------
     0 | D        | Lexodia the Felid Enchanter began the quest for the Orb.
     0 | D        | Reached XP level 1. HP: 7/7 MP: 4/4
     1 | D        | Noticed Ijyb
    13 | D        | Huge Dmg: 5 dmg
    15 | D        | Killed Ijyb
    16 | D        | Reached skill level 7 in Stealth
    16 | D        | Reached XP level 2. HP: 9/11 MP: 6/6
    20 | D        | Huge Dmg: 3 dmg
    72 | D        | Noticed an ogre
    77 | D        | Killed an ogre
    78 | D        | Reached skill level 10 in Stealth
    78 | D        | Reached XP level 3. HP: 14/14 MP: 7/7
    78 | D        | Reached XP level 4. HP: 18/18 MP: 8/8
    79 | D        | Noticed Sigmund
    82 | D        | Killed Sigmund
    83 | D        | Reached skill level 13 in Stealth
    83 | D        | Reached XP level 5. HP: 21/21 MP: 9/9
    83 | D        | Gained mutation: You are covered in thick fur. (AC +2)
                  | [Felid growth]
    83 | D        | Reached XP level 6. HP: 24/24 MP: 10/10
    90 | D        | Found a burning altar of Makhleb.
    90 | D        | Found a viscous altar of Jiyva.
    90 | D        | Found a shimmering altar of Xom.
    90 | D        | Found a corrupted altar of Lugonu.
    90 | D        | Noticed a slime creature
    93 | D        | Killed a slime creature
    94 | D        | Reached skill level 14 in Stealth
    94 | D        | Reached skill level 10 in Unarmed Combat
    95 | D        | Found an ornate altar of the Wu Jian Council.
    95 | D        | Found a shimmering blue altar of Sif Muna.
    97 | D        | Found a radiant altar of Vehumet.
   102 | D        | Reached skill level 15 in Stealth
   103 | D        | Noticed a centaur warrior
   104 | D        | Noticed a centaur warrior
   107 | D        | Shot with an arrow by a centaur warrior
   108 | D        | Reached XP level 5. HP: -4/21 MP: 9/9
   108 | D        | Found Homnihol's Armour Emporium.
   112 | D        | Noticed a deep troll
   116 | D        | Huge Dmg: 15 dmg
   116 | D        | Mangled by a deep troll

Illustrated notes

Levels and vault maps discovered:
D:        dungeon_sprint_1 [red_sonja_temple_1, red_sonja_temple_small_1]

Skill      XL: |  1  2  3  4  5  6 |
---------------+-------------------+-----
Stealth        | 7 10 13 15 | 15.0
Unarmed Combat | 4 6 8 10 | 10.4
Dodging        | |  2.6
Spellcasting   | |  2.0
Hexes          | |  4.4

Action                     |  1- 3 |  4- 6 || total
---------------------------+-------+-------++-------
  Melee: Unarmed           |    14 |     3 ||    17
    Use: Potion            |     2 |       ||     2
   Stab: Sleeping          |     1 |     3 ||     4
         Invisible         |     2 |       ||     2
  Dodge: Dodged            |     7 |     3 ||    10

Table legend: (Time is in decaauts)
 A = Elapsed time spent in this place.
 B = Non-inter-level travel time spent in this place.
 C = Inter-level travel time spent in this place.
 D = Time resting spent in this place.
 E = Time spent auto-exploring this place.
 F = Levels seen in this place.
 G = Mean time per level.
                   A        B        C        D        E       F      G
               +--------+--------+--------+--------+--------+-----+--------+
         Total |    122 |    122 |      0 |     67 |      0 |   1 |  122.0 |
       Dungeon |    122 |    122 |      0 |     67 |      0 |   1 |  122.0 |
               +--------+--------+--------+--------+--------+-----+--------+

Top non-repeatable levels by time:
       D: 122 daAuts
